 Dungeon Crawl Stone Soup version 0.30.0-29-ga12c61a403 (webtiles) character file.

Game seed: 17958744124837689877

44 AlmostDecent the Chiller (level 3, -2/37 HPs)
             Began as a Gnoll Ice Elementalist on June 7, 2023.
             Slain by Grinder (4 damage)
             ... on level 3 of the Dungeon.
             The game lasted 00:07:28 (1386 turns).

AlmostDecent the Chiller (Gnoll Ice Elementalist)   Turns: 1386, Time: 00:07:29

Health: -2/37      AC: 28    Str:  7    XL:     3   Next: 60%
Magic:  0/9        EV:  2    Int: 16    God:
Gold:   30         SH:  0    Dex: 12    Spells: 5/12 levels left

rFire   . . .        (no weapon)
rCold   . . .        (no shield)
rNeg    . . .        a - melded +0 robe
rPois   +            (helmet currently unavailable)
rElec   .            (cloak currently unavailable)
rCorr   .            (gloves currently unavailable)
SInv    .            (boots currently unavailable)
Will    .....        (no amulet)
Stlth   ++           (no ring)
HPRegen 0.26/turn    (no ring)
MPRegen 0.11/turn

%: no passive effects
@: ice-armoured (expiring), tree-form (expiring), attractive
A: stationary, stasis, torment immunity, boosted hp, (fangs 1), strong nose,
distributed training
a: no special abilities


You were on level 3 of the Dungeon.
You were a tree.
You visited 1 branch of the dungeon, and saw 3 of its levels.

You collected 30 gold pieces.

Inventory:

Armour
 a - a +0 robe (melded)


   Skills:
 + Level 0.9 Fighting
 + Level 0.9 Short Blades
 + Level 0.9 Long Blades
 + Level 0.9 Axes
 + Level 0.9 Maces & Flails
 + Level 0.9 Polearms
 + Level 0.9 Staves
 + Level 0.9 Ranged Weapons
 + Level 0.9 Throwing
 + Level 0.9 Armour
 + Level 4.5 Dodging
 + Level 4.2 Stealth
 + Level 0.9 Shields
 + Level 0.9 Unarmed Combat
 + Level 5.0 Spellcasting
 + Level 0.6 Conjurations
 + Level 0.6 Hexes
 + Level 0.6 Summonings
 + Level 0.6 Necromancy
 + Level 0.6 Translocations
 + Level 0.6 Transmutations
 + Level 0.6 Fire Magic
 + Level 7.1 Ice Magic
 + Level 0.6 Air Magic
 + Level 0.6 Earth Magic
 + Level 0.6 Poison Magic
 + Level 1.0 Invocations
 + Level 0.9 Evocations


You had 5 spell levels left.
You knew the following spells:

 Your Spells              Type           Power      Damage    Failure   Level
a - Freeze                Ice            100%       1d10      1%          1
b - Frozen Ramparts       Ice            52%        1d8       2%          3
c - Ozocubu's Armour      Ice            26%        N/A       2%          3

Your spell library contained the following spells:

 Spells                   Type           Power      Damage    Failure   Level
 Summon Ice Beast         Ice/Summ       16%        N/A       30%         4


Dungeon Overview and Level Annotations

Branches:
Dungeon (2/15)

Altars:

Shops:
D:1 [

Annotations:
D:3 Grinder


Innate Abilities, Weirdness & Mutations

You are a tree.
Your roots penetrate the ground, keeping you stationary.
You cannot be teleported.
You are immune to unholy pain and torment.
Your maximum health is greatly increased.
Your equipment is partially melded.
((You have very sharp teeth.))
Your uncanny sense of smell can sniff out nearby items.
Your experience applies equally to all skills.


Message History

Casting: Freeze (safe; 1% risk of failure)
Confirm with . or Enter, or press ? or * to list all spells.
You don't know that spell.
Sorry, you're not good enough to have a special ability.
Casting: Freeze (safe; 1% risk of failure)
Confirm with . or Enter, or press ? or * to list all spells.
Aiming: Freeze (safe; 1% risk of failure)
Press: ? - help, Shift-Dir - straight line, f/p - Grinder
Aim: Grinder (grey smoke, severely wounded)
You freeze Grinder.
Grinder resists.
Grinder is severely wounded.
Your transformation is almost over.
Grinder hits you but does no damage.
You completely miss Grinder.
Grinder is severely wounded.
Grinder hits you.
* * * LOW HITPOINT WARNING * * *
You writhe in agony.
* * * LOW HITPOINT WARNING * * *
You barely miss Grinder.
Grinder is severely wounded.
You hit Grinder but do no damage.
Grinder is severely wounded.
Grinder gestures at you.
You suddenly lose the ability to move!
Grinder hits you but does no damage.
Your icy armour starts to melt.
Grinder gestures at you.
You shrug off the repeated paralysis!
You can move again.
You hit Grinder but do no damage.
Grinder is severely wounded.
Grinder gestures at you.
You shrug off the repeated paralysis!
You hit Grinder.
Grinder is almost dead.
Grinder hits you.
* * * LOW HITPOINT WARNING * * *
You writhe in agony.
You die...

#.#.#...#
##†#..#..# ###
#.#..## ..#
###... ##..##
..#
..<...######..##
..
#......§##...##
∆ . #. #§...#..#
#.##.##.#####..#
#.....♣.# #..#
#..#.##5# #..# #
#. #§# ∆ #... ..
§§# #### .#. ###
#... # #. #.


You could see Grinder.

Vanquished Creatures
  2 dart slugs (D:1)
  7 bats
  2 endoplasms (D:1)
  4 goblins (D:1)
  5 hobgoblins (D:1)
  5 jackals
  A quokka (D:1)
  4 ball pythons (D:1)
  A frilled lizard (D:1)
  2 kobolds (D:1)
  2 rats (D:1)
35 creatures vanquished.

Notes
Turn   | Place    | Note
-------+----------+-------------------------------------------
     0 | D:1      | AlmostDecent the Gnoll Ice Elementalist began the quest for
                  | the Orb.
     0 | D:1      | Reached XP level 1. HP: 13/13 MP: 6/6
   103 | D:1      | Found a faded altar of an unknown god.
   210 | D:1      | Reached XP level 2. HP: 14/19 MP: 2/7
   659 | D:1      | Found Qieqesh's Antique Armour Emporium.
   728 | D:1      | Reached skill level 5 in Spellcasting
   728 | D:1      | Reached XP level 3. HP: 25/25 MP: 4/9
   921 | D:1      | Reached skill level 1 in Invocations
  1129 | D:1      | Learned a level 3 spell: Frozen Ramparts
  1133 | D:1      | Learned a level 3 spell: Ozocubu's Armour
  1303 | D:2      | You fall into a shaft and drop 1 floor!
  1338 | D:3      | Noticed Grinder
  1348 | D:3      | Paralysed by Grinder for 2 turns
  1376 | D:3      | Paralysed by Grinder for 2 turns
  1380 | D:3      | HP: 1/37 [Grinder (4)]
  1382 | D:3      | Paralysed by Grinder for 3 turns
  1386 | D:3      | Slain by Grinder

Illustrated notes

Levels and vault maps discovered:
D:1:      giann_forest_graveyard, layout_loops_corners,
          shapermc_ecumenical_altar_gd, serial_shops, nicolae_shop_behind_doors
D:2:      layout_loops_ring, serial_shops, nicolae_shop_crystal, basic_altar,
          nicolae_grassy_gnolls
D:3:      minmay_diamond_boxcup, layout_loops_ring, serial_shops, shop,
          uniq_grinder

Skill      XL: |  1  2  3 |
---------------+----------+-----
Spellcasting   | 5 |  5.0
Invocations    | 1 |  1.0
Fighting       | |  0.9
Short Blades   | |  0.9
Long Blades    | |  0.9
Axes           | |  0.9
Maces & Flails | |  0.9
Polearms       | |  0.9
Staves         | |  0.9
Ranged Weapons | |  0.9
Throwing       | |  0.9
Armour         | |  0.9
Dodging        | |  4.5
Stealth        | |  4.2
Shields        | |  0.9
Unarmed Combat | |  0.9
Conjurations   | |  0.6
Hexes          | |  0.6
Summonings     | |  0.6
Necromancy     | |  0.6
Translocations | |  0.6
Transmutations | |  0.6
Fire Magic     | |  0.6
Ice Magic      | |  7.1
Air Magic      | |  0.6
Earth Magic    | |  0.6
Poison Magic   | |  0.6
Evocations     | |  0.9

Action                     || total
---------------------------++-------
  Melee: Unarmed           ||    25
         Bite              ||     2
   Cast: Freeze            ||    54
         Frozen Ramparts   ||     2
         Ozocubu's Armour  ||     1
    Use: Potion            ||     3
         Scroll            ||     2
 Armour: Robe              ||    17
         Skin              ||    10
  Dodge: Dodged            ||    38
